General information
- name: BNet
- type: Ladder team game (AT/RT)
- host: Battle.net
- saver: Gobiner
map: SilverpineForest
- players: 6
- length: 43:57
- speed: Fast
- version: 1.21 W3XP
- replay type: Public
» download(252 KB)
Players
team 1 (loser)
Chit (
blue | 36 APM | 1589 actions | 43:50)
7 Death Knight
3 Death Coil
3 Unholy Aura
1 Animate Dead
5 Crypt Lord
3 Impale
1 Carrion Beetles
1 Spiked Carapace
» actions
| Assign group hotkey | 37 | |
| Basic commands | 17 | |
| Build / train | 71 | |
| Enter build submenu | 21 | |
| Enter hero's abilities submenu | 13 | |
| Give item / drop item | 6 | |
| Remove unit from queue | 1 | |
| Right click | 766 | |
| Select / deselect | 359 | |
| Select group hotkey | 202 | |
| Use ability | 96 | |
1589 total
» units
| Acolyte | 12 | |
| Ghoul | 2 | |
| Crypt Fiend | 7 | |
| Frost Wyrm | 16 | |
37 total
» upgrades
| Web | 1 | |
| Creature Carapace | 3 | |
| Freezing Breath | 1 | |
| Creature Attack | 3 | |
8 total
» buildings
| Graveyard | 1 | |
| Crypt | 1 | |
| Ziggurat | 11 | |
| Altar of Darkness | 1 | |
| Tomb of Relics | 1 | |
| Nerubian Tower | 1 | |
| Halls of the Dead | 1 | |
| Black Citadel | 1 | |
| Sacrificial Pit | 1 | |
| Boneyard | 2 | |
| Spirit Tower | 1 | |
22 total
» build order
00:08 Graveyard
00:13 Crypt
00:43 Ziggurat
01:00 Altar of Darkness
01:35 Ziggurat
01:52 Tomb of Relics
02:53 Nerubian Tower
03:10 Halls of the Dead
04:55 Ziggurat
05:01 Ziggurat
05:32 Black Citadel
06:06 Sacrificial Pit
07:56 Boneyard
07:59 Boneyard
08:01 Ziggurat
08:05 Ziggurat
09:04 Ziggurat
25:15 Ziggurat
28:43 Ziggurat
28:46 Ziggurat
28:57 Ziggurat
29:49 Nerubian Tower
29:51 Spirit Tower
» items
| Rod of Necromancy | 2 | |
| Scroll of Town Portal | 3 | |
| Potion of Healing | 1 | |
| Potion of Lesser Invulnerability | 1 | |
7 total

»
god-of-war22 (
purple | 31 APM | 1345 actions | 43:55)
6 Archmage
3 Summon Water Elemental
3 Blizzard
2 Paladin
1 Holy Light
1 Divine Shield
» actions
| Assign group hotkey | 24 | |
| Build / train | 110 | |
| Enter build submenu | 50 | |
| Enter hero's abilities submenu | 8 | |
| Right click | 698 | |
| Select / deselect | 325 | |
| Select group hotkey | 20 | |
| Use ability | 110 | |
1345 total
» units
| Peasant | 27 | |
| Footman | 7 | |
| Priest | 7 | |
| Sorceress | 7 | |
| Knight | 9 | |
| Siege Engine | 11 | |
68 total
» upgrades
| Defend | 1 | |
| Plating | 3 | |
| Swords | 3 | |
| Animal War Training | 1 | |
| Priest Training | 1 | |
| Sorceress Training | 2 | |
| Gunpowder | 2 | |
| Barrage | 1 | |
14 total
» buildings
| Barracks | 1 | |
| Altar of Kings | 1 | |
| Farm | 12 | |
| Scout Tower | 23 | |
| Lumber Mill | 1 | |
| Keep | 1 | |
| Arcane Tower | 3 | |
| Town Hall | 2 | |
| Guard Tower | 13 | |
| Arcane Sanctum | 1 | |
| Castle | 1 | |
| Blacksmith | 1 | |
| Workshop | 3 | |
63 total
» build order
00:11 Barracks
00:22 Altar of Kings
00:30 Farm
01:10 Farm
01:47 Farm
02:28 Farm
03:20 Scout Tower
03:29 Lumber Mill
03:58 Keep
04:00 Arcane Tower
04:02 Scout Tower
05:16 Town Hall
05:24 Guard Tower
07:17 Farm
08:11 Arcane Sanctum
08:41 Farm
09:11 Castle
09:52 Farm
10:28 Scout Tower
10:41 Scout Tower
11:07 Guard Tower
11:09 Scout Tower
11:12 Scout Tower
11:14 Guard Tower
11:40 Scout Tower
11:49 Scout Tower
11:56 Arcane Tower
11:57 Guard Tower
11:59 Scout Tower
12:30 Arcane Tower
12:32 Guard Tower
12:40 Blacksmith
12:48 Guard Tower
13:27 Farm
14:39 Scout Tower
14:44 Scout Tower
14:47 Scout Tower
14:49 Scout Tower
15:18 Guard Tower
15:20 Guard Tower
15:21 Guard Tower
15:45 Guard Tower
15:48 Scout Tower
18:26 Guard Tower
18:30 Scout Tower
19:02 Guard Tower
19:04 Scout Tower
19:13 Farm
21:02 Farm
21:08 Guard Tower
25:25 Workshop
25:34 Workshop
29:06 Farm
29:09 Farm
29:53 Scout Tower
33:12 Workshop
39:06 Town Hall
39:09 Scout Tower
39:11 Scout Tower
39:13 Scout Tower
39:16 Scout Tower
39:21 Scout Tower
39:24 Scout Tower

»
UnDeaD[wH]JoKeR (
green | 58 APM | 2534 actions | 43:51)
6 Priestess of the Moon
3 Trueshot Aura
2 Searing Arrows
1 Starfall
» actions
| Assign group hotkey | 30 | |
| Basic commands | 224 | |
| Build / train | 79 | |
| Enter build submenu | 20 | |
| Enter hero's abilities submenu | 6 | |
| Give item / drop item | 1 | |
| Remove unit from queue | 2 | |
| Right click | 732 | |
| Select / deselect | 726 | |
| Select group hotkey | 632 | |
| Use ability | 82 | |
2534 total
» units
| Wisp | 26 | |
| Archer | 5 | |
| Druid of the Talon | 3 | |
| Dryad | 10 | |
| Glaive Thrower | 4 | |
| Mountain Giant | 2 | |
50 total
» upgrades
| Reinforced Hides | 3 | |
| Abolish Magic | 1 | |
| Strength of the Wild | 3 | |
| Druid of the Talon Training | 2 | |
| Strength of the Moon | 2 | |
| Vorpal Blades | 1 | |
| Resistant Skin | 1 | |
| Hardened Skin | 1 | |
14 total
» buildings
| Altar of Elders | 1 | |
| Moon Well | 10 | |
| Ancient of War | 4 | |
| Tree of Ages | 1 | |
| Hunter's Hall | 2 | |
| Ancient of Wind | 2 | |
| Ancient of Lore | 2 | |
| Tree of Eternity | 1 | |
| Tree of Life | 2 | |
| Ancient of Wonders | 1 | |
26 total
» build order
00:28 Altar of Elders
00:30 Moon Well
01:31 Ancient of War
01:58 Moon Well
01:59 Moon Well
02:56 Tree of Ages
03:14 Hunter's Hall
04:23 Hunter's Hall
05:29 Ancient of Wind
05:34 Ancient of Wind
05:42 Ancient of Lore
06:37 Moon Well
06:39 Moon Well
10:22 Tree of Eternity
11:35 Moon Well
12:15 Ancient of War
12:16 Ancient of War
12:31 Ancient of War
12:35 Moon Well
18:16 Moon Well
18:18 Moon Well
18:18 Moon Well
21:07 Ancient of Lore
24:05 Tree of Life
25:21 Ancient of Wonders
39:32 Tree of Life
» items
| Sentry Wards | 1 | |
| Scroll of Town Portal | 2 | |
| Potion of Healing | 1 | |
| Scroll of Healing | 1 | |
5 total
team 2 (winner)
Ghandi23 (
pink | 59 APM | 2589 actions | 43:56)
9 Blademaster
3 Wind Walk
3 Critical Strike
1 Bladestorm
2 Mirror Image
» actions
| Assign group hotkey | 21 | |
| Basic commands | 58 | |
| Build / train | 104 | |
| Enter build submenu | 48 | |
| Enter hero's abilities submenu | 9 | |
| Give item / drop item | 16 | |
| Remove unit from queue | 3 | |
| Right click | 990 | |
| Select / deselect | 343 | |
| Select group hotkey | 718 | |
| Use ability | 278 | |
2589 total
» units
» upgrades
| Ranged Weapons | 3 | |
| Liquid Fire | 1 | |
| Reinforced Defenses | 1 | |
| Armor | 1 | |
6 total
» buildings
| Altar of Storms | 1 | |
| Orc Burrow | 5 | |
| War Mill | 1 | |
| Voodoo Lounge | 2 | |
| Watch Tower | 32 | |
| Stronghold | 1 | |
| Fortress | 1 | |
| Beastiary | 2 | |
| Great Hall | 4 | |
49 total
» build order
00:08 Altar of Storms
00:12 Orc Burrow
01:05 War Mill
01:42 Orc Burrow
02:14 Voodoo Lounge
02:19 Watch Tower
02:23 Watch Tower
02:52 Watch Tower
03:42 Watch Tower
03:43 Watch Tower
05:01 Watch Tower
05:17 Stronghold
05:45 Watch Tower
05:50 Watch Tower
06:07 Orc Burrow
06:13 Watch Tower
07:44 Watch Tower
07:46 Watch Tower
07:47 Watch Tower
07:48 Fortress
07:50 Beastiary
07:53 Beastiary
08:57 Orc Burrow
09:01 Voodoo Lounge
11:28 Watch Tower
11:30 Watch Tower
16:18 Great Hall
16:30 Watch Tower
16:31 Watch Tower
16:32 Watch Tower
16:34 Watch Tower
16:35 Watch Tower
16:35 Watch Tower
20:45 Watch Tower
20:55 Watch Tower
21:00 Watch Tower
21:02 Watch Tower
21:03 Watch Tower
21:07 Watch Tower
23:45 Watch Tower
28:20 Great Hall
34:54 Orc Burrow
37:31 Great Hall
41:16 Great Hall
43:51 Watch Tower
43:52 Watch Tower
43:53 Watch Tower
43:54 Watch Tower
43:55 Watch Tower
» items
| Healing Salve | 3 | |
| Lesser Clarity Potion | 4 | |
| Boots of Speed | 1 | |
| Staff of Teleportation | 1 | |
| Circlet of Nobility | 1 | |
| Talisman of Evasion | 1 | |
| Orb of Lightning | 1 | |
| Claws of Attack +12 | 1 | |
| Scroll of Regeneration | 1 | |
| Potion of Healing | 3 | |
| Potion of Mana | 1 | |
18 total
Gobiner (
orange | 42 APM | 1847 actions | 43:57)
5 Archmage
3 Blizzard
2 Brilliance Aura
6 Blood Mage
3 Flame Strike
2 Siphon Mana
1 Banish
» actions
| Assign group hotkey | 14 | |
| Basic commands | 11 | |
| Build / train | 116 | |
| ESC pressed | 1 | |
| Enter build submenu | 26 | |
| Enter hero's abilities submenu | 10 | |
| Give item / drop item | 14 | |
| Right click | 595 | |
| Select / deselect | 442 | |
| Select group hotkey | 411 | |
| Use ability | 207 | |
1847 total
» units
| Peasant | 14 | |
| Sorceress | 2 | |
| Priest | 3 | |
| Dragonhawk Rider | 6 | |
25 total
» upgrades
| Masonry | 3 | |
| Lumber Harvesting | 2 | |
| Magic Sentry | 1 | |
| Sorceress Training | 2 | |
| Priest Training | 2 | |
| Backpack | 1 | |
| Cloud | 1 | |
| Animal War Training | 1 | |
| Armor | 3 | |
| Control Magic | 1 | |
| Swords | 3 | |
20 total
» buildings
| Altar of Kings | 1 | |
| Lumber Mill | 1 | |
| Farm | 7 | |
| Scout Tower | 44 | |
| Arcane Tower | 5 | |
| Guard Tower | 29 | |
| Keep | 1 | |
| Arcane Vault | 1 | |
| Castle | 1 | |
| Town Hall | 1 | |
| Arcane Sanctum | 1 | |
| Blacksmith | 1 | |
| Barracks | 1 | |
| Gryphon Aviary | 1 | |
95 total
» build order
00:07 Altar of Kings
00:11 Lumber Mill
00:20 Farm
00:51 Scout Tower
01:25 Scout Tower
01:29 Arcane Tower
01:30 Arcane Tower
01:36 Farm
01:47 Scout Tower
01:56 Guard Tower
02:11 Scout Tower
02:21 Guard Tower
02:49 Scout Tower
02:50 Guard Tower
02:56 Guard Tower
03:15 Scout Tower
03:16 Guard Tower
03:44 Guard Tower
03:45 Scout Tower
03:46 Scout Tower
04:12 Keep
04:18 Guard Tower
04:37 Guard Tower
04:58 Arcane Vault
05:09 Farm
06:34 Scout Tower
06:34 Scout Tower
07:40 Guard Tower
08:18 Castle
08:47 Town Hall
08:50 Scout Tower
08:52 Scout Tower
08:53 Scout Tower
08:54 Scout Tower
08:54 Scout Tower
08:57 Scout Tower
08:58 Scout Tower
09:00 Scout Tower
09:02 Scout Tower
09:02 Scout Tower
09:03 Scout Tower
09:56 Guard Tower
09:59 Guard Tower
10:15 Arcane Sanctum
10:47 Guard Tower
11:16 Guard Tower
12:07 Scout Tower
12:08 Scout Tower
12:09 Scout Tower
12:09 Scout Tower
13:23 Guard Tower
13:44 Guard Tower
13:46 Scout Tower
13:47 Scout Tower
13:47 Scout Tower
13:48 Scout Tower
14:07 Guard Tower
14:11 Guard Tower
14:15 Scout Tower
14:15 Scout Tower
14:17 Scout Tower
14:18 Scout Tower
14:22 Scout Tower
14:24 Scout Tower
14:27 Guard Tower
14:49 Guard Tower
15:08 Guard Tower
15:10 Guard Tower
15:49 Guard Tower
16:24 Guard Tower
16:26 Guard Tower
17:24 Guard Tower
17:28 Scout Tower
17:31 Scout Tower
17:33 Scout Tower
17:33 Scout Tower
17:34 Scout Tower
17:37 Scout Tower
17:39 Scout Tower
17:40 Scout Tower
17:41 Scout Tower
18:18 Guard Tower
18:35 Blacksmith
18:39 Barracks
18:47 Gryphon Aviary
18:59 Guard Tower
19:26 Guard Tower
23:50 Arcane Tower
29:26 Farm
29:27 Farm
29:28 Farm
29:29 Farm
31:52 Guard Tower
» items
| Boots of Speed | 2 | |
| Staff of Teleportation | 2 | |
| Lesser Clarity Potion | 3 | |
| Healing Salve | 1 | |
| Scroll of Regeneration | 2 | |
| Staff of Sanctuary | 2 | |
| Orb of Lightning | 2 | |
| Claws of Attack +12 | 1 | |
| Potion of Mana | 1 | |
| Potion of Healing | 1 | |
| Ivory Tower | 1 | |
| Amulet of Spell Shield | 1 | |
| Hood of Cunning | 1 | |
| Pendant of Energy | 1 | |
| Khadgar's Gem of Health | 1 | |
22 total
Gobinerself (
teal | 96 APM | 4226 actions | 43:56)
6 Mountain King
3 Storm Bolt
2 Bash
1 Avatar
5 Paladin
3 Holy Light
2 Divine Shield
» actions
| Assign group hotkey | 27 | |
| Basic commands | 27 | |
| Build / train | 145 | |
| Enter build submenu | 52 | |
| Enter hero's abilities submenu | 11 | |
| Give item / drop item | 22 | |
| Remove unit from queue | 1 | |
| Right click | 2341 | |
| Select / deselect | 658 | |
| Select group hotkey | 655 | |
| Use ability | 286 | |
4226 total
» units
| Peasant | 31 | |
| Priest | 6 | |
| Sorceress | 4 | |
41 total
» upgrades
| Masonry | 3 | |
| Lumber Harvesting | 2 | |
| Backpack | 1 | |
| Magic Sentry | 1 | |
| Sorceress Training | 2 | |
| Priest Training | 2 | |
11 total
» buildings
| Altar of Kings | 2 | |
| Farm | 7 | |
| Scout Tower | 84 | |
| Lumber Mill | 1 | |
| Arcane Tower | 13 | |
| Guard Tower | 32 | |
| Arcane Vault | 1 | |
| Town Hall | 2 | |
| Keep | 1 | |
| Castle | 1 | |
| Arcane Sanctum | 1 | |
145 total
» build order
00:08 Altar of Kings
00:19 Farm
00:21 Scout Tower
00:41 Lumber Mill
00:52 Arcane Tower
01:20 Farm
01:33 Scout Tower
02:07 Guard Tower
02:51 Arcane Vault
02:59 Scout Tower
03:00 Scout Tower
03:01 Scout Tower
03:13 Scout Tower
03:26 Scout Tower
03:29 Arcane Tower
03:30 Guard Tower
03:41 Guard Tower
03:54 Scout Tower
03:55 Scout Tower
03:57 Guard Tower
04:02 Scout Tower
04:06 Farm
04:23 Guard Tower
05:18 Town Hall
05:23 Scout Tower
05:25 Guard Tower
05:36 Scout Tower
06:03 Scout Tower
06:04 Guard Tower
06:20 Scout Tower
06:21 Arcane Tower
06:29 Scout Tower
06:29 Scout Tower
06:30 Scout Tower
06:32 Scout Tower
06:33 Scout Tower
06:33 Scout Tower
06:39 Guard Tower
06:40 Scout Tower
07:54 Arcane Tower
07:55 Guard Tower
07:58 Guard Tower
07:59 Scout Tower
08:29 Guard Tower
08:30 Keep
10:15 Scout Tower
10:15 Scout Tower
10:16 Scout Tower
10:17 Scout Tower
10:17 Scout Tower
10:17 Scout Tower
10:59 Castle
11:03 Arcane Sanctum
11:12 Arcane Tower
11:14 Guard Tower
11:52 Guard Tower
12:47 Guard Tower
12:50 Scout Tower
12:50 Scout Tower
12:51 Scout Tower
12:54 Scout Tower
12:55 Scout Tower
12:55 Scout Tower
12:56 Scout Tower
12:57 Scout Tower
12:58 Scout Tower
13:00 Scout Tower
13:03 Scout Tower
13:03 Scout Tower
14:05 Arcane Tower
14:34 Guard Tower
14:37 Guard Tower
15:07 Guard Tower
15:32 Guard Tower
15:35 Scout Tower
16:25 Guard Tower
16:32 Arcane Tower
16:33 Guard Tower
18:15 Farm
18:17 Farm
18:30 Scout Tower
18:31 Scout Tower
18:31 Scout Tower
18:51 Scout Tower
18:52 Scout Tower
18:53 Scout Tower
18:53 Scout Tower
19:05 Arcane Tower
19:07 Guard Tower
20:37 Arcane Tower
20:38 Guard Tower
20:55 Scout Tower
20:56 Scout Tower
20:57 Scout Tower
20:58 Scout Tower
20:58 Scout Tower
20:59 Scout Tower
21:00 Scout Tower
21:00 Scout Tower
21:01 Scout Tower
21:02 Scout Tower
21:03 Scout Tower
21:04 Scout Tower
21:06 Scout Tower
21:06 Scout Tower
21:07 Scout Tower
21:37 Guard Tower
22:07 Guard Tower
22:30 Arcane Tower
22:32 Guard Tower
23:57 Guard Tower
24:01 Scout Tower
24:02 Scout Tower
24:04 Town Hall
24:42 Guard Tower
25:21 Scout Tower
25:21 Scout Tower
25:22 Scout Tower
26:24 Guard Tower
28:48 Scout Tower
28:56 Scout Tower
28:56 Scout Tower
28:57 Scout Tower
28:59 Scout Tower
29:01 Scout Tower
29:02 Scout Tower
29:09 Scout Tower
29:10 Scout Tower
29:39 Guard Tower
29:58 Guard Tower
31:50 Arcane Tower
31:58 Arcane Tower
34:47 Scout Tower
34:48 Scout Tower
34:48 Scout Tower
34:49 Scout Tower
34:50 Scout Tower
34:50 Scout Tower
35:21 Guard Tower
36:13 Guard Tower
39:41 Scout Tower
40:15 Arcane Tower
40:18 Altar of Kings
40:20 Farm
40:20 Farm
» items
| Scroll of Regeneration | 1 | |
| Boots of Speed | 1 | |
| Staff of Teleportation | 3 | |
| Lesser Clarity Potion | 9 | |
| Replenishment Potion | 1 | |
| Healing Salve | 2 | |
| Orb of Lightning | 2 | |
| Potion of Healing | 2 | |
| Potion of Mana | 2 | |
| Staff of Sanctuary | 2 | |
| Amulet of Spell Shield | 1 | |
| Pendant of Mana | 1 | |
| Khadgar's Pipe of Insight | 1 | |
| Khadgar's Gem of Health | 1 | |
| Legion Doom-Horn | 1 | |
| Scroll of Town Portal | 1 | |
| Ancient Janggo of Endurance | 1 | |
32 total
Chat log
(00:52 / Allies) Ghandi23: vent being dumb
(00:54 / Allies) Gobiner: ic
(00:57 / Allies) Gobinerself: o
(00:57 / Allies) Ghandi23: im going to restart it in a sec
(01:28 / Allies) Gobinerself: yah
(01:42 / Allies) Gobinerself: got a cold
(02:00 / Allies) Gobinerself: its pretty clear???
(06:14 / Allies) Gobinerself: starting to creep mid
(06:52 / Allies) Gobinerself: go harrass or we
(07:22 / Allies) Gobinerself: ps
(07:24 / Allies) Gobinerself: go harrass
(07:33 / Allies) Gobinerself: this isnt what i meant
(07:50 / Allies) Gobinerself: shitty item
(11:36 / Allies) Gobinerself: dark orb and big mana
(13:21 / Allies) Gobinerself: ill use them
(13:26 / Allies) Gobinerself: so just chuck them in my base
(14:49 / Allies) Gobinerself: no they got the other 2 reds
(19:42 / Allies) Gobinerself: +12 and big mana
(20:09 / Allies) Gobinerself: get big claws
(23:29 / Allies) Gobinerself: fuck that
(23:38 / Allies) Gobinerself: tttttt
(28:10 / Allies) Gobinerself: owned
(28:43 / Allies) Gobinerself: god where is the fucking endur/unholy auras
(30:34 / Allies) Gobinerself: ugh
(30:58 / Allies) Gobinerself: go
(31:26 / Allies) Gobinerself: big hp gem
(31:41 / Allies) Gobinerself: i took it
(32:56 / Allies) Gobinerself: unholy aura but i need to get rid of something for ti
(34:20 / Allies) Gobinerself: big tt
(35:18 / Allies) Gobinerself: not worth it
(36:02 / Allies) Gobinerself: ill give control for tower focus asap
(37:18 / Allies) Gobinerself: all peasants dead
(37:45 / Allies) Gobinerself: nice banish
(38:09 / Allies) Gobinerself: ughhhhhh
(40:12 / Allies) Gobinerself: dunno yet!!!
(40:33 / Allies) Gobinerself: woot
(42:42 / Allies) Gobinerself: prob not
(43:52 / All) Gobiner: 23ez
(43:53 / All) Gobiner: 2ez
(43:54 / All) Gobinerself: 2 e z